 Dungeon Crawl Stone Soup version 0.18.1-50-g88ac8fd (webtiles) character file.

1207 daftwullie the Ruffian (level 8, -1/73 HPs)
             Began as a Naga Fighter on Nov 4, 2017.
             Was a Believer of Cheibriados.
             Slain by a gnoll sergeant
             ... wielding a +0 spear
              (6 damage)
             ... on level 6 of the Dungeon on Nov 5, 2017.
             The game lasted 01:19:33 (5964 turns).

daftwullie the Ruffian (Naga Fighter)               Turns: 5964, Time: 01:19:34

Health: -1/73      AC:  8    Str: 24    XL:     8   Next: 45%
Magic:  0/12       EV:  9    Int: 18    God:    Cheibriados [**....]
Gold:   304        SH: 11    Dex: 16    Spells: 0 memorised, 12 levels left

rFire  . . .     SeeInvis +       - Unarmed
rCold  + + .     Gourm    .     u - +2 robe {MR+}
rNeg   . . .     Faith    .     b - +1 shield
rPois  +         Spirit   +     z - +0 helmet of Sunlight {rC++ MR-}
rElec  .         Dismiss  .     A - +0 cloak
rCorr  .         Reflect  .     (no gloves)
SustAt +         Harm     .     (no barding)
MR     +....                    o - amulet of guardian spirit
Stlth  +.........               q - +3 ring of intelligence
                                y - ring of sustain attributes

@: very slow, somewhat resistant to hostile enchantments, very unstealthy
A: see invisible, deformed body, poison resistance, slowness 2, slow metabolism
1, spit poison 2, AC +2
a: Spit Poison, Bend Time, Renounce Religion


You were on level 6 of the Dungeon.
You worshipped Cheibriados.
Cheibriados was pleased with you.
You were hungry.

You visited 2 branches of the dungeon, and saw 7 of its levels.

You collected 304 gold pieces.

Inventory:

Hand Weapons
 l - a +2 whip of flaming
 t - a +0 dagger of pain
 v - a +0 falchion of holy wrath
Missiles
 e - 26 poisoned needles
Armour
 a - a +0 scale mail
 b - a +1 shield (worn)
 u - a +2 robe of magic resistance (worn)
 z - the +0 helmet of Sunlight (worn) {rC++ MR-}
   (You found it on level 5 of the Dungeon)

   It greatly protects you from cold.
   It affects your resistance to hostile enchantments.
 A - a +0 cloak (worn)
Jewellery
 g - an uncursed ring of protection from fire
 o - an amulet of guardian spirit (around neck)
 q - a +3 ring of intelligence (right hand)
 w - an uncursed ring of magical power
 x - an uncursed ring of see invisible
 y - a ring of sustain attributes (left hand)
Wands
 d - a wand of iceblast (9/15)
Scrolls
 f - 2 scrolls of immolation {unknown}
 h - 3 scrolls of identify
 n - a scroll of teleportation {unknown}
 r - a scroll of fear {unknown}
 B - a scroll of recharging {unknown}
 C - a scroll of enchant weapon {unknown}
Potions
 c - a potion of cure mutation
 j - a potion of beneficial mutation
 p - a potion of resistance
 s - 2 potions of brilliance
Comestibles
 m - a bread ration


   Skills:
 + Level 4.7 Fighting
 + Level 4.1 Armour
 + Level 2.1 Dodging
 * Level 4.6 Shields
 * Level 5.2 Unarmed Combat
 + Level 2.7 Spellcasting


You had 12 spell levels left.
You didn't know any spells.

Dungeon Overview and Level Annotations

Branches:
Dungeon (6/15)             Temple (1/1) D:4

Altars:
Cheibriados
Dithmenos
Elyvilon
Fedhas
Gozag
Kikubaaqudgha
Nemelex Xobeh
Qazlal
Sif Muna
Vehumet
Xom
Zin
The Shining One

Annotations:
D:4 Duvessa
D:5 Pikel; magog001's ghost, novice MiFi


Innate Abilities, Weirdness & Mutations

You cannot wear boots.
Your serpentine skin is tough (AC +2).
You have supernaturally acute eyesight.
Armour fits poorly on your strangely shaped body.
Your system is resistant to poisons.
You cover ground very slowly.
You have a slow metabolism.
You can spit poison.


Message History

You completely miss the gnoll sergeant.
The gnoll sergeant is severely wounded.
The gnoll barely misses you. You block the gnoll sergeant's attack.
You hit the gnoll sergeant.
The gnoll sergeant is almost dead.
You block the gnoll's attack.
The gnoll sergeant hits you with a spear.
* * * LOW HITPOINT WARNING * * *
Read which item? (? for menu, Esc to quit)
As you read the scroll labeled YPEIZO LA MERO, it crumbles to dust.
You feel blessed for a moment.
It was a scroll of remove curse.
You block the gnoll's attack.
Read which item? (? for menu, Esc to quit)
As you read the scroll labeled QULOMYESTRA, it crumbles to dust.
It is a scroll of enchant armour.
Enchant which item? (? for menu, Esc to quit)
Your +0 shield glows green for a moment.
You block the gnoll's attack.
The gnoll sergeant hits you with a spear!
You die...

#....# #........ ##...##
#......# ... ##....##
#....# .. #......###....#
.. [......##.....## .# .
..##...........# ..##..
.........#.....## #......
.......#####....####......g
.......# ##...@#..g......
####...# ##..g.g.#......
##..# ##..#### ...## ##.#
#..# .## .. #..## # #..#
...# ...## ....


You could see a gnoll sergeant and a gnoll.

Vanquished Creatures
  A slave (D:6)
  2 giant frogs
  Dowan (D:4)
  6 killer bees (D:5)
  2 wights (D:6)
  2 crimson imps (D:5)
  3 hounds
  A jelly (D:5)
  3 orc priests (D:5)
  5 orc wizards
  2 iguanas (D:5)
  A worker ant (D:6)
  A hound zombie (D:6)
  A hound skeleton (D:5)
  7 adders
  2 gnolls (D:6)
  An ooze (D:5)
  2 worms
  A dart slug (D:1)
  2 giant geckos
  7 orcs
  A ball python (D:5)
  4 giant cockroaches
  8 goblins
  7 hobgoblins
  5 jackals
  A quokka (D:5)
  6 bats
  A giant gecko zombie (D:6)
  3 giant newts
  A jackal zombie (D:5)
  6 kobolds
  10 rats
106 creatures vanquished.

Notes
Turn   | Place    | Note
--------------------------------------------------------------
     0 | D:1      | daftwullie the Naga Fighter began the quest for the Orb.
     0 | D:1      | Reached XP level 1. HP: 21/21 MP: 1/1
   429 | D:1      | Reached XP level 2. HP: 26/28 MP: 2/2
  1106 | D:1      | Reached XP level 3. HP: 31/34 MP: 3/3
  1314 | D:1      | Found a sparkling altar of Nemelex Xobeh.
  2099 | D:2      | Reached skill level 1 in Spellcasting
  2523 | D:2      | Reached XP level 4. HP: 26/42 MP: 5/5
  2838 | D:3      | Found a faded altar to an unknown god.
  2942 | D:3      | Found a glowing golden altar of the Shining One.
  3265 | D:3      | Found a shimmering altar of Xom.
  3411 | D:3      | Found a sparkling altar of Nemelex Xobeh.
  3490 | D:4      | Noticed a giant frog
  3502 | D:4      | Killed a giant frog
  3502 | D:4      | Reached skill level 3 in Unarmed Combat
  3502 | D:4      | Reached XP level 5. HP: 40/50 MP: 6/6
  3644 | D:4      | Found a staircase to the Ecumenical Temple.
  3653 | Temple   | Entered the Ecumenical Temple
  3667 | Temple   | Became a worshipper of Cheibriados the Contemplative
  3717 | D:4      | Reached skill level 1 in Dodging
  3951 | D:4      | Noticed Dowan
  3952 | D:4      | Noticed Duvessa
  3982 | D:4      | Killed Dowan
  3982 | D:4      | Reached XP level 6. HP: 46/57 MP: 6/8
  4058 | D:5      | Entered Level 5 of the Dungeon
  4342 | D:5      | Reached XP level 7. HP: 24/64 MP: 4/9
  4704 | D:5      | Reached skill level 4 in Unarmed Combat
  4717 | D:5      | Reached * piety under Cheibriados
  5042 | D:5      | Found a radiant altar of Vehumet.
  5116 | D:5      | Found a white marble altar of Elyvilon.
  5118 | D:5      | Found an ancient bone altar of Kikubaaqudgha.
  5118 | D:5      | Found a deep blue altar of Sif Muna.
  5119 | D:5      | Found a stormy altar of Qazlal.
  5223 | D:5      | Got a heavily runed helmet
  5231 | D:5      | Identified the +0 helmet of Sunlight {rC++ MR-} (You found it on level 5 of the Dungeon)
  5262 | D:5      | Noticed magog001's ghost (novice MiFi)
  5276 | D:5      | Reached XP level 8. HP: 51/73 MP: 7/11
  5499 | D:5      | Noticed Pikel
  5564 | D:6      | Found a stormy altar of Qazlal.
  5670 | D:6      | Reached ** piety under Cheibriados
  5828 | D:6      | Reached skill level 5 in Unarmed Combat
  5964 | D:6      | Slain by a gnoll sergeant

Skill      XL: |  1  2  3  4  5  6  7  8 |
---------------+-------------------------+-----
Spellcasting   | 1 2 |  2.7
Shields        | 3 4 |  4.6
Unarmed Combat | 3 4 5 |  5.2
Dodging        | 1 2 |  2.1
Armour         | 3 4 |  4.1
Fighting       | 4 |  4.7

Action                   |  1- 3 |  4- 6 |  7- 9 || total
-------------------------+-------+-------+-------++-------
Melee: Unarmed           |   219 |   143 |   276 ||   638
       Whip              |       |    36 |       ||    36
       Falchion          |       |       |    26 ||    26
Invok: Bend Time         |       |       |     1 ||     1
 Abil: Spit Poison       |    10 |    12 |    16 ||    38
  Use: Potion            |       |     1 |     1 ||     2
       Scroll            |       |     4 |     3 ||     7
 Stab: Sleeping          |       |     1 |       ||     1
  Eat: Chunk             |     3 |     3 |     4 ||    10
       Bread ration      |     1 |       |       ||     1
Armor: Scale mail        |    70 |    40 |       ||   110
       Robe              |       |     9 |    83 ||    92
Dodge: Dodged            |    44 |    35 |    87 ||   166
Block: Shield            |   102 |    78 |   167 ||   347
